 Dungeon Crawl Stone Soup version 0.22.1-1-ga44c0e5 (webtiles) character file.

68 Garbasso the Vexing (level 4, -10/34 HPs)
             Began as a Gnoll Arcane Marksman on Oct 10, 2018.
             Killed from afar by a kobold (35 damage)
             ... with an exploding inner flame
             ... hexed by the player character
             ... on level 2 of the Dungeon.
             The game lasted 00:07:47 (2295 turns).

Garbasso the Vexing (Gnoll Arcane Marksman)         Turns: 2295, Time: 00:07:47

Health: -10/34     AC:  2    Str: 13    XL:     4   Next: 19%
Magic:  4/8        EV: 15    Int: 15    God:
Gold:   56         SH:  0    Dex: 16    Spells: 2/8 levels left

rFire    . . .     SeeInvis .   b - +0 dagger (speed)
rCold    . . .     Gourm    .   (no shield)
rNeg     . . .     Faith    .   e - +0 robe
rPois    .         Spirit   .   (no helmet)
rElec    .         Reflect  .   (no cloak)
rCorr    .         Harm     .   (no gloves)
MR       .....                  (no boots)
Stlth    ++........             (no amulet)
HPRegen  0.11/turn              (no ring)
MPRegen  0.11/turn              (no ring)

@: very slightly contaminated
A: distributed training, fangs 1, strong nose
a: no special abilities


You were on level 2 of the Dungeon.
You were not hungry.

You visited 1 branch of the dungeon, and saw 2 of its levels.

You collected 56 gold pieces.

Inventory:

Hand Weapons
 a - a +0 shortbow
 b - a +0 dagger of speed (weapon)
Missiles
 d - 13 arrows
Armour
 e - a +0 robe (worn)
Scrolls
 c - a scroll of identify
 g - a scroll of remove curse {unknown}
 h - 2 scrolls of teleportation {unknown}
Potions
 j - 2 potions of curing
 k - a potion of heal wounds
Comestibles
 f - 4 rations
 i - 2 chunks of flesh


   Skills:
 + Level 2.7 Fighting
 + Level 1.0 Short Blades
 + Level 1.0 Long Blades
 + Level 1.0 Axes
 + Level 1.0 Maces & Flails
 + Level 1.0 Polearms
 + Level 1.0 Staves
 + Level 1.0 Slings
 + Level 4.6 Bows
 + Level 1.0 Crossbows
 + Level 1.0 Throwing
 + Level 1.0 Armour
 + Level 4.6 Dodging
 + Level 1.0 Stealth
 + Level 1.0 Shields
 + Level 1.0 Unarmed Combat
 + Level 2.9 Spellcasting
 + Level 0.8 Conjurations
 + Level 5.4 Hexes
 + Level 0.8 Charms
 + Level 0.8 Summonings
 + Level 0.8 Necromancy
 + Level 0.8 Translocations
 + Level 0.8 Transmutations
 + Level 0.8 Fire Magic
 + Level 0.8 Ice Magic
 + Level 0.8 Air Magic
 + Level 0.8 Earth Magic
 + Level 0.8 Poison Magic
 + Level 1.1 Invocations
 + Level 1.0 Evocations


You had 2 spell levels left.
You knew the following spells:

 Your Spells              Type           Power        Failure   Level  Hunger
a - Corona                Hex            ###....      2%          1    #......
b - Slow                  Hex            ###.....     3%          2    ##.....
c - Inner Flame           Hex/Fire       ##......     17%         3    ###....

Your spell library contained the following spells:

 Spells                   Type           Power        Failure   Level  Hunger
 Portal Projectile        Hex/Tloc       ##....       17%         3    ###....
 Cause Fear               Hex            ###.......   22%         4    #####..
 Leda's Liquefaction      Hex/Erth       ##........   50%         4    #####..


Dungeon Overview and Level Annotations

Branches:
Dungeon (2/15)

Altars:


Innate Abilities, Weirdness & Mutations

Your experience applies equally to all skills.
You have very sharp teeth.
Your uncanny sense of smell can sniff out nearby items.


Message History

You hit the kobold but do no damage. You hit the kobold.
The kobold is heavily wounded.
The rat closely misses you. The frilled lizard closely misses you.
The kobold hits you with a war axe.
You hit the kobold but do no damage.
The kobold is heavily wounded.
The rat barely misses you.
You closely miss the kobold.
The kobold is heavily wounded.
The frilled lizard closely misses you. The kobold completely misses you.
You hit the kobold but do no damage.
The kobold is heavily wounded.
The rat bites you but does no damage.
The frilled lizard completely misses you.
You hit the kobold.
The kobold explodes!
The fiery explosion engulfs you!
Ouch! That really hurt!
You die...

.....#.##..#.#.
####.#.##.<#.#.
####.#.##..#.#.## #
.............#... .#
###.##.##....#..###.#
# #.##.##....#......#
.............##.##..#
###.#..##...÷..(#l..#
....#.......#...@rb.#
.#..##.##.###.###§s.#
....##.##.# #.#
.§....# ....).....#
#.# ...#..#
.#.###..### #..
....... .#.# #..# ###
.#..... .#.# #..# ∆
.###..# .#.# #..# .#
..# .#.# #..#


You could see a giant cockroach, a bat, a frilled lizard and a rat.

Vanquished Creatures
  3 adders (D:2)
  A worm (D:2)
  5 bats
  6 goblins
  5 hobgoblins
  4 jackals (D:1)
  A ball python (D:2)
  A frilled lizard (D:1)
  9 kobolds (D:1)
  5 rats
40 creatures vanquished.

Notes
Turn   | Place    | Note
-------+----------+-------------------------------------------
     0 | D:1      | Garbasso the Gnoll Arcane Marksman began the quest for the
                  | Orb.
     0 | D:1      | Reached XP level 1. HP: 17/17 MP: 4/4
   240 | D:1      | Reached XP level 2. HP: 10/23 MP: 5/5
   871 | D:1      | Learned a level 2 spell: Slow
  1392 | D:1      | Reached XP level 3. HP: 26/28 MP: 7/7
  1968 | D:2      | Reached skill level 1 in Invocations
  2181 | D:2      | Learned a level 3 spell: Inner Flame
  2208 | D:2      | Reached skill level 1 in Short Blades
  2208 | D:2      | Reached skill level 1 in Long Blades
  2208 | D:2      | Reached skill level 1 in Axes
  2208 | D:2      | Reached skill level 1 in Maces & Flails
  2208 | D:2      | Reached skill level 1 in Polearms
  2208 | D:2      | Reached skill level 1 in Staves
  2208 | D:2      | Reached skill level 1 in Slings
  2208 | D:2      | Reached skill level 1 in Crossbows
  2208 | D:2      | Reached skill level 1 in Throwing
  2208 | D:2      | Reached skill level 1 in Armour
  2208 | D:2      | Reached skill level 1 in Stealth
  2208 | D:2      | Reached skill level 1 in Shields
  2208 | D:2      | Reached skill level 1 in Unarmed Combat
  2208 | D:2      | Reached skill level 1 in Evocations
  2214 | D:2      | Reached XP level 4. HP: 34/34 MP: 8/8
  2295 | D:2      | Killed from afar by a kobold

Skill      XL: |  1  2  3 |
---------------+----------+-----
Invocations    | 1 |  1.1
Short Blades   | 1 |  1.0
Long Blades    | 1 |  1.0
Axes           | 1 |  1.0
Maces & Flails | 1 |  1.0
Polearms       | 1 |  1.0
Staves         | 1 |  1.0
Slings         | 1 |  1.0
Crossbows      | 1 |  1.0
Throwing       | 1 |  1.0
Armour         | 1 |  1.0
Stealth        | 1 |  1.0
Shields        | 1 |  1.0
Unarmed Combat | 1 |  1.0
Evocations     | 1 |  1.0
Fighting       | |  2.7
Bows           | |  4.6
Dodging        | |  4.6
Spellcasting   | |  2.9
Conjurations   | |  0.8
Hexes          | |  5.4
Charms         | |  0.8
Summonings     | |  0.8
Necromancy     | |  0.8
Translocations | |  0.8
Transmutations | |  0.8
Fire Magic     | |  0.8
Ice Magic      | |  0.8
Air Magic      | |  0.8
Earth Magic    | |  0.8
Poison Magic   | |  0.8

Action                   |  1- 3 |  4- 6 || total
-------------------------+-------+-------++-------
Melee: Dagger            |   158 |    32 ||   190
       Bite              |    16 |     3 ||    19
       Punch             |     1 |       ||     1
 Fire: Shortbow          |    48 |       ||    48
 Cast: Corona            |     5 |       ||     5
       Slow              |     4 |       ||     4
       Inner Flame       |       |     1 ||     1
  Use: Scroll            |     2 |       ||     2
  Eat: Chunk             |     4 |     1 ||     5
Armor: Robe              |    13 |     6 ||    19
Dodge: Dodged            |   105 |    54 ||   159
